 Dungeon Crawl Stone Soup version 0.29.1-15-g9cfb28693d (webtiles) character file.

Game seed: 6941724011756388696

15 CatalinOSBI the Stinger (level 2, -2/16 HPs)
             Began as a Deep Elf Venom Mage on Apr 12, 2023.
             Slain by a worm (9 damage)
             ... on level 1 of the Dungeon.
             The game lasted 00:05:00 (1263 turns).

CatalinOSBI the Stinger (Deep Elf Venom Mage)       Turns: 1263, Time: 00:05:01

Health: -2/16      AC:  2    Str:  5    XL:     2   Next: 34%
Magic:  6/8        EV: 12    Int: 19    God:
Gold:   95         SH:  0    Dex: 15    Spells: 6/7 levels left

rFire   . . .      SeeInvis .   a - +0 dagger
rCold   . . .      Faith    .   (no shield)
rNeg    . . .      Spirit   .   c - +0 robe
rPois   .          Reflect  .   (no helmet)
rElec   .          Harm     .   (no cloak)
rCorr   .          Rampage  .   (no gloves)
Will    .....                   (no boots)
Stlth   ++........              (no amulet)
HPRegen 0.05/turn               (no ring)
MPRegen 0.11/turn               (no ring)

@: no status effects
A: no striking features
a: no special abilities


You were on level 1 of the Dungeon.
You visited 1 branch of the dungeon, and saw 2 of its levels.

You collected 95 gold pieces.

Inventory:

Hand Weapons
 a - a +0 dagger (weapon)
 b - a +0 sling
Armour
 c - a +0 robe (worn)
Potions
 e - a potion of magic


   Skills:
 * Level 0.8 Fighting
 + Level 0.6 Short Blades
 + Level 2.6 Dodging
 - Level 2.4 Stealth
 + Level 3.2 Spellcasting
 - Level 1.1 Transmutations
 + Level 3.4 Poison Magic


You had 6 spell levels left.
You knew the following spells:

 Your Spells              Type           Power      Damage    Failure   Level
a - Sting                 Tmut/Pois      44%        1d5       6%          1

Your spell library contained the following spells:

 Spells                   Type           Power      Damage    Failure   Level
 Poisonous Vapours        Pois/Air       18%        N/A       11%         2
 Mephitic Cloud           Conj/Pois/Air  7%         N/A       28%         3
 Olgreb's Toxic Radiance  Pois           16%        N/A       36%         4


Dungeon Overview and Level Annotations

Branches:
Dungeon (2/15)

Altars:

Shops:
D:1 [

Annotations:
D:2 Natasha


Message History

You hit Natasha.
Natasha is moderately wounded.
An endoplasm comes into view.
Natasha claws you.
A worm comes into view.
You hit Natasha.
Natasha is heavily wounded.
Natasha closely misses you.
You hit Natasha.
Natasha is heavily wounded.
The hobgoblin closely misses you. Natasha barely misses you.
You completely miss Natasha.
Natasha is heavily wounded.
The hobgoblin misses you. Natasha misses you.
You hit Natasha.
Natasha is severely wounded.
The hobgoblin hits you. Natasha barely misses you.
The hobgoblin attacks as you move away! The hobgoblin barely misses you.
The endoplasm freezes you.
You are frozen.
Natasha growls.
The worm closely misses you.
There is a stone staircase leading up here.
Natasha casts a spell.
The hobgoblin hits you.
The endoplasm hits you but does no damage.
You climb upwards.
There is a stone staircase leading down here.
Casting: Sting (safe; 6% risk of failure)
Confirm with . or Enter, or press ? or * to list all spells.
You don't know that spell.
Casting: Sting (safe; 6% risk of failure)
Confirm with . or Enter, or press ? or * to list all spells.
Aiming: Sting (safe; 6% risk of failure)
Press: ? - help, Shift-Dir - straight line, f - hobgoblin
Aim: a hobgoblin (71% to hit)
The sting misses the hobgoblin.
The endoplasm barely misses you. The worm bites you!
Ouch! That really hurt!
You die...

## #......# .#
#...)..####### .#
#.........#..# .#
#.......###..# .#
###'###...#..# .#
#######.# ###.#..# .#
#.......# #.#..#
.######.###########....#
.'.............g@.....##
.######.#....[.wJ######
.# #.########.# ##
#.##.......#
#######.##.###...#######
......#.##.##..#.......#
#####.#.##....########.#
# #.#.##.###########.# #
#.#.##(##...'...##.#


You could see a worm, an endoplasm and a hobgoblin.

Vanquished Creatures
  2 ball pythons (D:1)
  3 endoplasms (D:1)
  A goblin (D:1)
  3 hobgoblins (D:1)
  A quokka (D:1)
  A frilled lizard (D:1)
  A rat (D:1)
12 creatures vanquished.

Notes
Turn   | Place    | Note
-------+----------+-------------------------------------------
     0 | D:1      | CatalinOSBI the Deep Elf Venom Mage began the quest for the
                  | Orb.
     0 | D:1      | Reached XP level 1. HP: 10/10 MP: 6/6
   383 | D:1      | Found Ophuan's Armour Shoppe.
   554 | D:1      | Reached XP level 2. HP: 14/16 MP: 4/8
   779 | D:1      | Found a faded altar of an unknown god.
  1249 | D:2      | Noticed Natasha
  1263 | D:1      | Slain by a worm

Illustrated notes

Levels and vault maps discovered:
D:1:      onia_arrival_mini_spirals, layout_basic, serial_shops,
          nicolae_shop_advertising_works [nicolae_subvault_shop_adworks],
          shapermc_ecumenical_altar_notcrosses, kennysheep_decorative_pillar
D:2:      layout_loops_cross, kennysheep_flooded_box, uniq_terence,
          uniq_natasha, uniq_crazy_yiuf_cottage

Action                   || total
-------------------------++-------
Melee: Dagger            ||     5
 Fire: Sling             ||     8
 Cast: Sting             ||    20
  Use: Potion            ||     1
Armor: Robe              ||     1
Dodge: Dodged            ||    12
